 Dungeon Crawl Stone Soup version 0.27-a0-512-g57cc695410 (webtiles) character file.

Game seed: 7004649388164728090

376 siradein the Chucker (level 6, 0/50 HPs)
             Began as a Hill Orc Brigand on Mar 3, 2021.
             Slain by an ogre
             ... wielding a +0 giant club
              (18 damage)
             ... on level 4 of the Dungeon.
             The game lasted 00:13:49 (5529 turns).

siradein the Chucker (Hill Orc Brigand)             Turns: 5529, Time: 00:13:49

Health: 0/50       AC: 11    Str: 14    XL:     6   Next: 73%
Magic:  6/6        EV:  6    Int: 11    God:
Gold:   154        SH:  5    Dex: 14    Spells: 5/5 levels left

rFire    . . .     SeeInvis +   v - +1 hand axe (freeze)
rCold    . . .     Faith    .   (no shield)
rNeg     . . .     Spirit   .   p - +0 chain mail
rPois    .         Reflect  +   z - +0 helmet
rElec    .         Harm     .   c - +0 cloak
rCorr    .         Rampage  .   a - +0 pair of gloves
Will     .....                  (no boots)
Stlth    ..........             B - amulet of reflection
HPRegen  0.16/turn              n - ring of see invisible
MPRegen  0.10/turn              (no ring)

@: no status effects
A: no striking features
a: no special abilities


You were on level 4 of the Dungeon.
You visited 1 branch of the dungeon, and saw 4 of its levels.

You collected 154 gold pieces.

Inventory:

Hand Weapons
 s - a +0 hunting sling
 v - a +1 hand axe of freezing (weapon)
Missiles
 d - 8 poisoned darts
 e - 2 curare-tipped darts
 g - 174 stones
 h - 16 bolts
 i - 52 arrows
 t - 31 sling bullets
 A - 6 boomerangs (quivered)
Armour
 a - a +0 pair of gloves (worn)
 c - a +0 cloak (worn)
 p - a +0 chain mail (worn)
 z - a +0 helmet (worn)
Jewellery
 n - a ring of see invisible (left hand)
 B - an amulet of reflection (around neck)
Scrolls
 f - 3 scrolls of fear
 k - 2 scrolls of enchant weapon
 l - 2 scrolls of fog {unknown}
 q - 2 scrolls of teleportation {unknown}
 w - a scroll of magic mapping {unknown}
 y - a scroll of amnesia {unknown}
Potions
 b - 3 potions of heal wounds
 j - 2 potions of berserk rage {unknown}
 m - a potion of mutation {unknown}
 u - a potion of lignification {unknown}
 x - a potion of curing {unknown}
 C - 2 potions of cancellation {unknown}


   Skills:
 - Level 2.4 Fighting
 - Level 2.0 Short Blades
 + Level 3.0 Axes
 + Level 5.9 Throwing
 - Level 0.7 Dodging
 - Level 3.2 Stealth


You had 5 spell levels left.
You didn't know any spells.
Your spell library contained the following spells:

 Spells                   Type           Power        Failure   Level
 Animate Skeleton         Necr           0%           100%        1
 Apportation              Tloc           0%           100%        1
 Corona                   Hex            0%           100%        1
 Summon Small Mammal      Summ           0%           100%        1


Dungeon Overview and Level Annotations

Branches:
Dungeon (4/15)
 Temple: D:4-7

Altars:
Elyvilon
Hepliaklqana
Nemelex Xobeh
Xom

Annotations:
D:4 1 runed translucent door, wampuh's ghost, amateur MiHu


Message History

Throw: 6 boomerangs
Press: ? - help, Q - select action, (/) - cycle Shift-Dir - straight line, f/p - ogre
Aim: an ogre, wielding a +0 giant club (76% to hit)
You throw a boomerang. The boomerang hits the ogre.
The ogre is lightly wounded.
Throw: 6 boomerangs
Press: ? - help, Q - select action, (/) - cycle Shift-Dir - straight line, f/p - ogre
Aim: an ogre, wielding a +0 giant club (lightly wounded, 76% to hit)
You throw a boomerang. The boomerang barely misses the ogre.
Your chain mail prevents you from hitting the ogre.
The ogre is lightly wounded.
The ogre hits you with a +0 giant club.
You hit the ogre. You freeze the ogre.
The ogre is moderately wounded.
You block the ogre's attack.
You hit the ogre. You freeze the ogre.
The ogre is heavily wounded.
You block the ogre's attack.
You closely miss the ogre.
The ogre is heavily wounded.
You block the ogre's attack.
You barely miss the ogre.
The ogre is heavily wounded.
The ogre hits you with a +0 giant club!
You completely miss the ogre.
The ogre is heavily wounded.
The ogre hits you with a +0 giant club!!
You hit the ogre. You freeze the ogre.
The ogre is heavily wounded.
You block the ogre's attack.
You hit the ogre. You freeze the ogre.
The ogre is severely wounded.
The ogre hits you but does no damage.
You hit the ogre. You freeze the ogre.
The ogre is severely wounded.
The ogre barely misses you.
You hit the ogre but do no damage.
The ogre is severely wounded.
The ogre hits you with a +0 giant club!!
You die...

#.# #(# ##.# #≈# ... #≈#
#.###W## # #.###S### .#
##...#+#.# ..#
#........#####>..##
...###..O...............
[......@#...............
...###..#...<...........
. #..##.>..####.....#
#..##..#.###.......
#........##......$.
#####>#### #<.# #.# #.##
#.# .## ... ..


You could see an ogre, wampuh's ghost and an adder.

Vanquished Creatures
  The ghost of SmokeWeed the Covered, an amateur HuFi (D:3)
  Natasha (thrice) (D:2)
  Robin (D:3)
  5 adders
  An ooze (D:1)
  5 worms
  A dart slug (D:1)
  3 leopard geckos
  An orc (D:3)
  2 ball pythons
  6 bats
  3 giant cockroaches
  16 goblins
  9 hobgoblins
  8 jackals (D:1)
  11 kobolds
  2 quokkas (D:3)
  5 frilled lizards
  9 rats
92 creatures vanquished.

Notes
Turn   | Place    | Note
-------+----------+-------------------------------------------
     0 | D:1      | siradein the Hill Orc Brigand began the quest for the Orb.
     0 | D:1      | Reached XP level 1. HP: 18/18 MP: 1/1
    71 | D:1      | Reached skill level 2 in Throwing
   190 | D:1      | Reached XP level 2. HP: 21/25 MP: 2/2
   464 | D:1      | Reached skill level 3 in Throwing
   488 | D:1      | Reached XP level 3. HP: 11/30 MP: 3/3
  1359 | D:2      | Noticed Natasha
  1375 | D:2      | Killed Natasha
  1376 | D:2      | Reached skill level 4 in Throwing
  1376 | D:2      | Reached XP level 4. HP: 6/37 MP: 4/4
  1856 | D:2      | Noticed Natasha
  1872 | D:2      | HP: 1/37 [Natasha/magic dart (7)]
  1873 | D:2      | Killed Natasha
  2341 | D:2      | Found a shimmering altar of Xom.
  2407 | D:2      | Reached XP level 5. HP: 41/42 MP: 5/5
  2694 | D:2      | Found a sparkling altar of Nemelex Xobeh.
  2837 | D:2      | Noticed Natasha
  2848 | D:2      | Killed Natasha
  3188 | D:3      | Reached skill level 5 in Throwing
  3338 | D:3      | Noticed SmokeWeed's ghost (amateur HuFi)
  3339 | D:3      | Found a large runed translucent door.
  3339 | D:3      | Found a large runed translucent door.
  3414 | D:3      | Noticed Robin
  3443 | D:3      | HP: 2/42 [Robin/+0 trident (7)]
  3739 | D:3      | Killed Robin
  4398 | D:3      | Found a white marble altar of Elyvilon.
  4501 | D:3      | Reached XP level 6. HP: 50/50 MP: 6/6
  4800 | D:3      | Reached skill level 1 in Axes
  4986 | D:3      | Found a hazy altar of Hepliaklqana.
  5107 | D:3      | Killed SmokeWeed's ghost
  5487 | D:4      | Found a runed translucent door.
  5488 | D:4      | Noticed wampuh's ghost (amateur MiHu)
  5529 | D:4      | Slain by an ogre

Illustrated notes

Levels and vault maps discovered:
D:1:      scummos_arrival_forest, layout_loops_ring, minmay_quantized
D:2:      layout_loops_ring, nemelex_xobeh_ov_fountains_minmay,
          nicolae_overflow_crystal_walls, uniq_natasha
D:3:      layout_basic, nzn_hepliaklqana_mist_gate, overflow_temple_1_default,
          ebering_ghost_disaster_area, uniq_robin
D:4:      layout_loops_cross, ebering_ghost_sewer_d

Skill      XL: |  1  2  3  4  5  6 |
---------------+-------------------+-----
Throwing       | 2 3 4 5 |  5.9
Axes           | 3 |  3.0
Fighting       | |  2.4
Short Blades   | |  2.0
Dodging        | |  0.7
Stealth        | |  3.2

Action                   |  1- 3 |  4- 6 || total
-------------------------+-------+-------++-------
Melee: Dagger            |   124 |       ||   124
       Spear             |    18 |    47 ||    65
       Hand axe          |       |   166 ||   166
 Fire: Hunting sling     |       |    51 ||    51
Throw: Dart              |     1 |     3 ||     4
       Boomerang         |       |     5 ||     5
  Use: Scroll            |       |     4 ||     4
 Stab: Sleeping          |     2 |       ||     2
Armor: Robe              |    13 |       ||    13
       Chain mail        |    37 |   156 ||   193
Dodge: Dodged            |    57 |    75 ||   132
Block: Other             |       |     4 ||     4

Table legend: (Time is in decaauts)
 A = Elapsed time spent in this place.
 B = Non-inter-level travel time spent in this place.
 C = Inter-level travel time spent in this place.
 D = Time resting spent in this place.
 E = Time spent auto-exploring this place.
 F = Levels seen in this place.
 G = Mean time per level.
                   A        B        C        D        E       F      G
               +--------+--------+--------+--------+--------+-----+--------+
         Total |   5591 |   5528 |     63 |    334 |   4176 |   4 | 1397.8 |
       Dungeon |   5591 |   5528 |     63 |    334 |   4176 |   4 | 1397.8 |
               +--------+--------+--------+--------+--------+-----+--------+

Top non-repeatable levels by time:
     D:3: 2193 daAuts
     D:2: 2079 daAuts
     D:1: 1271 daAuts
     D:4: 46 daAuts
